 Dungeon Crawl Stone Soup version 0.30.0-15-g856e2d3f33 (webtiles) character file.

Game seed: 229702442173265295

5714 booth the Conjurer (level 10, -8/68 HPs)
             Began as a Demonspawn Reaver on May 19, 2023.
             Was a Believer of Hepliaklqana.
             Mangled by a shadow (26 damage)
             ... on level 10 of the Dungeon.
             The game lasted 01:01:45 (8693 turns).

booth the Conjurer (Demonspawn Reaver)              Turns: 8693, Time: 01:01:45

Health: -8/68      AC: 13    Str: 17    XL:     10   Next: 48%
Magic:  15/18      EV: 13    Int: 21    God:    Hepliaklqana [**....]
Gold:   613        SH: 16    Dex: 11    Spells: 6/20 levels left

rFire   . . .        K - +2 hand axe (freeze)
rCold   . . .        Q - +2 buckler
rNeg    . . .        u - +2 leather armour {Will+}
rPois   .            (helmet restricted)
rElec   .            x - +0 cloak
rCorr   .            m - +0 pair of gloves
SInv    .            B - +0 pair of boots
Will    +....        A - amulet of reflection
Stlth   +            l - +4 ring of protection
HPRegen 0.31/turn    z - +6 ring of intelligence
MPRegen 0.16/turn

%: reflection
@: no status effects
A: reduced essence, hooves 2, large bone plates 2, horns 1
a: Renounce Religion, Recall Ancestor, Ancestor Identity


You were on level 10 of the Dungeon.
You worshipped Hepliaklqana.
Hepliaklqana was pleased with you.
You visited 1 branch of the dungeon, and saw 10 of its levels.

You collected 693 gold pieces.
You spent 80 gold pieces at shops.

Inventory:

Hand Weapons
 a - a +0 hand axe of draining
 j - a +0 mace
 p - a +0 battleaxe of draining
 w - a +0 war axe of protection
 K - a +2 hand axe of freezing (weapon)
Missiles
 b - 3 poisoned darts
 v - 4 javelins
 I - 6 boomerangs (quivered)
 J - 3 throwing nets
 O - a curare-tipped dart
Armour
 h - a +0 kite shield
 m - a +0 pair of gloves (worn)
 u - a +2 leather armour of willpower (worn)
 x - a +0 cloak (worn)
 B - a +0 pair of boots (worn)
 P - a +3 chain mail
 Q - a +2 buckler (worn)
Jewellery
 l - a +4 ring of protection (left hand)
 z - a +6 ring of intelligence (right hand)
 A - an amulet of reflection (around neck)
 E - a ring of see invisible
Wands
 y - a wand of iceblast (11)
 G - a wand of flame (22)
 H - a wand of charming (13)
 M - a wand of mindburst (28)
Scrolls
 f - 2 scrolls of amnesia
 n - 4 scrolls of teleportation
 o - 2 scrolls of magic mapping
 s - a scroll of enchant armour {unknown}
 C - 3 scrolls of fog
 D - 2 scrolls of silence
 L - 2 scrolls of poison
Potions
 c - 2 potions of attraction
 d - 2 potions of heal wounds
 e - a potion of cancellation
 g - a potion of resistance {unknown}
 i - a potion of ambrosia {unknown}
 k - 3 potions of lignification
 q - 4 potions of mutation
 r - a potion of haste {unknown}
 t - 8 potions of curing
 F - a potion of might
 N - a potion of flight
 R - a potion of invisibility {unknown}


   Skills:
 + Level 6.3 Fighting
 + Level 6.1 Axes
 + Level 5.2 Armour
 + Level 5.8 Dodging
 + Level 5.8 Spellcasting
 + Level 6.6 Conjurations
 + Level 6.2 Necromancy


You had 6 spell levels left.
You knew the following spells:

 Your Spells              Type           Power      Damage    Failure   Level
a - Kiss of Death         Conj/Necr      100%       2d13      1%          1
b - Momentum Strike       Conj/Tloc      40%        3d9       6%          2
c - Hailstorm             Conj/Ice       20%        3d6       12%         3
d - Sublimation of Blood  Necr           32%        N/A       1%          2
e - Wereblood             Tmut           6%         N/A       24%         2
f - Dispel Undead         Necr           32%        3d14      12%         4

Your spell library contained the following spells:

 Spells                   Type           Power      Damage    Failure   Level
 Necrotise                Necr           100%       1d9       1%          1
 Vampiric Draining        Necr           32%        2d8       3%          3
 Ensorcelled Hibernation  Hex/Ice        12%        N/A       24%         2
 Agony                    Necr           32%        N/A       32%         5
 Anguish                  Hex/Necr       9%         N/A       38%         4
 Confusing Touch          Hex            6%         N/A       43%         3
 Spider Form              Tmut/Pois      6%         N/A       43%         3
 Summon Hydra             Summ           3%         N/A       100%        7


Dungeon Overview and Level Annotations

Branches:
Dungeon (10/15)            Temple (0/1) D:7            Lair (0/5) D:8
    Orc: D:9-12

Altars:
Hepliaklqana
Okawaru
Ru
Wu Jian
Yredelemnul

Shops:
D:3 [   D:8 !


Innate Abilities, Weirdness & Mutations

Your life essence is reduced to manifest your ancestor. (-10% HP)
You have hoof-like feet.
You are mostly covered in large bone plates. (SH +6)
You have a pair of small horns on your head.


Message History

Aim: Maggie, wielding a +2 war axe of draining and wearing +0 acid dragon scales (severely wounded, mesmerising, strong, ally target, 71% to hit)
The concentrated momentum hits Maggie!
Maggie is almost dead.
You are unable to move.
The shadow slips into darkness.
The shadow flickers and vanishes!
Deactivating autopickup; reactivate with Ctrl-A.
Leosigra hits Maggie with a +0 quarterstaff!!
You are no longer entranced.
Maggie dies!
Your life force feels restored.
You cannot move.
Something barely misses Leosigra.
Leosigra barely misses something.
Something hits Leosigra.
Reactivating autopickup.
Leosigra hits the shadow with a +0 quarterstaff!
The shadow hits Leosigra!
Leosigra is destroyed!
You hit the shadow.
The shadow is almost destroyed.
The shadow slips into darkness.
The shadow flickers and vanishes!
Deactivating autopickup; reactivate with Ctrl-A.
You cannot move.
You cannot move.
You cannot move.
You cannot move.
You cannot move.
You cannot move.
You cannot move.
Okay, then.
Unknown command.
Throw: 7 boomerangs
Press: ? - help, Q - select action, (/) - cycle Shift-Dir - straight line You throw a boomerang.
You are no longer robbed of momentum.
The shadow strikes at you from the darkness!
You miss something. Your headbutt misses something.
The shadow strikes at you from the darkness! x2
You die...

#.......#..........
#.###...#..........
#.###...'..........
#.......#..........
+.......###..######
###########..#######
...............#
...............#
............@..#
............{..#
############'###
........)......
...............
...##.......... ..
........###
.........#
...........


There were no monsters in sight!

Vanquished Creatures
  Erica (D:8)
  Joseph (D:10)
  Grum (D:8)
  2 water moccasins
  A sky beast (D:7)
  A black bear (D:4)
  4 ogres
  A wolf (D:8)
  A centaur (D:7)
  A lemure (D:8)
  2 bullfrogs (D:7)
  6 scorpions
  A killer bee (D:8)
  2 howler monkeys (D:7)
  2 hounds
  2 sleepcaps
  2 orc priests (D:4)
  4 jellies
  2 iguanas
  4 orc wizards
  3 gnolls (D:5)
  8 adders
  A shadow imp (D:7)
  2 white imps
  2 ufetubi
  A worm (D:2)
  3 dart slugs
  21 orcs
  6 bats
  6 endoplasms
  A giant cockroach (D:1)
  7 goblins
  5 hobgoblins
  4 jackals (D:1)
  11 kobolds
  A quokka (D:2)
  7 ball pythons
  6 frilled lizards
  4 rats
140 creatures vanquished.

Vanquished Creatures (collateral kills)
  Pikel (D:8)
  Maurice (D:8)
  Maggie (D:10)
  A troll (D:9)
  Prince Ribbit (D:9)
  2 ice beasts (D:7)
  2 wolves (D:8)
  A centaur (D:9)
  A kobold brigand (D:9)
  2 bullfrogs
  A scorpion (D:7)
  4 killer bees
  2 jellies
  An orc priest (D:9)
  A sleepcap (D:8)
  An orc wizard (D:9)
  An adder (D:6)
  An ufetubus (D:7)
  4 kobolds (D:9)
29 creatures vanquished.

Vanquished Creatures (others)
  3 battlemagi
  2 ancestors (D:7)
  An orc (D:8)
6 creatures vanquished.

Grand Total: 175 creatures vanquished

Notes
Turn   | Place    | Note
-------+----------+-------------------------------------------
     0 | D:1      | booth the Demonspawn Reaver began the quest for the Orb.
     0 | D:1      | Reached XP level 1. HP: 16/16 MP: 3/3
   159 | D:1      | Gained mutation: You have large cloven feet. [demonic
                  | ancestry]
   159 | D:1      | Reached XP level 2. HP: 18/22 MP: 5/5
   178 | D:1      | Learned a level 2 spell: Momentum Strike
   730 | D:1      | Gained mutation: You are partially covered in large bone
                  | plates. (SH +4) [demonic ancestry]
   730 | D:1      | Reached XP level 3. HP: 10/27 MP: 6/6
  1213 | D:2      | Reached XP level 4. HP: 34/34 MP: 7/7
  1218 | D:2      | Learned a level 3 spell: Hailstorm
  1276 | D:2      | Reached skill level 1 in Armour
  1623 | D:3      | Reached skill level 1 in Necromancy
  1889 | D:3      | Found a basalt altar of Yredelemnul.
  1889 | D:3      | Found an iron altar of Okawaru.
  1977 | D:3      | Noticed an animated gold dragon scales
  2206 | D:3      | Noticed an animated shadow dragon scales
  2218 | D:3      | Found Nifinec's Armour Emporium.
  2627 | D:4      | Noticed a scorpion
  2642 | D:4      | Killed a scorpion
  2643 | D:4      | Gained mutation: You are mostly covered in large bone
                  | plates. (SH +6) [demonic ancestry]
  2643 | D:4      | Reached XP level 5. HP: 12/39 MP: 7/9
  2858 | D:4      | Learned a level 2 spell: Sublimation of Blood
  3237 | D:4      | Noticed a black bear
  3247 | D:4      | Killed a black bear
  3248 | D:4      | Reached XP level 6. HP: 45/47 MP: 10/10
  3251 | D:4      | Learned a level 2 spell: Wereblood
  3445 | D:5      | Entered Level 5 of the Dungeon
  4137 | D:5      | Reached XP level 7. HP: 31/45 MP: 11/11
  4289 | D:5      | Found a hazy altar of Hepliaklqana.
  4294 | D:5      | Became a worshipper of Hepliaklqana the Forgotten
  5035 | D:6      | Reached XP level 8. HP: 60/60 MP: 13/13
  5656 | D:6      | Reached * piety under Hepliaklqana
  5908 | D:6      | Gained mutation: You are strong-willed. (Will+) [potion of
                  | mutation]
  5908 | D:6      | Gained mutation: You occasionally shout uncontrollably at
                  | your foes. [potion of mutation]
  5909 | D:6      | Lost mutation: You are strong-willed. (Will+) [potion of
                  | mutation]
  5909 | D:6      | Lost mutation: You occasionally shout uncontrollably at
                  | your foes. [potion of mutation]
  5909 | D:6      | Gained mutation: You have a pair of small horns on your
                  | head. [potion of mutation]
  6057 | D:7      | Reached skill level 5 in Conjurations
  6441 | D:7      | Found a staircase to the Ecumenical Temple.
  6645 | D:7      | Gained mutation: You have hoof-like feet. [demonic
                  | ancestry]
  6645 | D:7      | Reached XP level 9. HP: 57/60 MP: 15/15
  6760 | D:7      | Reached skill level 5 in Fighting
  6760 | D:7      | Reached skill level 5 in Axes
  6887 | D:8      | Found Ewkanem's Distillery.
  6890 | D:8      | Bought a potion of heal wounds for 80 gold pieces
  6914 | D:8      | Identified the +11 rapier "Newtbane" {holy, rF+ rCorr Int-2
                  | Dex+8}
  6964 | D:8      | Reached ** piety under Hepliaklqana
  6965 | D:8      | Remembered your ancestor Leosigra as a battlemage
  6966 | D:8      | Found a sacrificial altar of Ru.
  6987 | D:8      | Noticed Maurice
  6994 | D:8      | Killed Maurice
  6995 | D:8      | Reached skill level 5 in Necromancy
  7035 | D:8      | Found a staircase to the Lair.
  7093 | D:8      | Noticed Grum
  7098 | D:8      | Reached skill level 5 in Spellcasting
  7104 | D:8      | Killed Grum
  7107 | D:8      | Reached skill level 5 in Dodging
  7358 | D:8      | Noticed Erica
  7372 | D:8      | Killed Erica
  7539 | D:8      | Noticed Pikel
  7550 | D:8      | Killed Pikel
  7551 | D:8      | Reached XP level 10. HP: 64/68 MP: 18/18
  7994 | D:9      | Learned a level 4 spell: Dispel Undead
  8031 | D:9      | Noticed Prince Ribbit
  8081 | D:9      | Killed Prince Ribbit
  8082 | D:9      | Reached skill level 5 in Armour
  8420 | D:9      | Found an ornate altar of the Wu Jian Council.
  8605 | D:10     | Entered Level 10 of the Dungeon
  8618 | D:10     | Noticed Joseph
  8627 | D:10     | Killed Joseph
  8671 | D:10     | Noticed Maggie
  8685 | D:10     | Killed Maggie
  8693 | D:10     | Mangled by a shadow

Illustrated notes

Levels and vault maps discovered:
D:1:      ncdulo_smallfort, layout_loops_ring, minmay_box_of_dots
D:2:      layout_rooms, dk_noncrumbling_3
D:3:      layout_basic, nicolae_overflow_two_pavilions, elyvilon_altar_1,
          serial_shops, nicolae_shop_mannequins
D:4:      nicolae_cairo_tiling, layout_cave_pools, kennysheep_doodads
D:5:      layout_basic, worldfamousw_hep_ancestral_shrine
D:6:      layout_loops_corners
D:7:      layout_basic, minmay_temple_entry_tees, minmay_joined_circles
D:8:      layout_cave_pools, nicolae_ru_awakened_eye, dpeg_oklobed_lair,
          nicolae_stop_n_shop_2, uniq_maurice, uniq_grum, uniq_pikel, uniq_erica
D:9:      layout_cave_pools, mainiacjoe_overflow_surrounded_room,
          uniq_prince_ribbit1
D:10:     layout_stronghold, bloody_makhleb,
          kennysheep_orc_monster_closet_entryway, uniq_snorg, uniq_maggie,
          uniq_psyche, uniq_joseph

Skill      XL: |  1  2  3  4  5  6  7  8  9 10 |
---------------+-------------------------------+-----
Dodging        | 2 3 4 5 |  5.8
Axes           | 3 4 5 6 |  6.1
Armour         | 1 2 3 4 5 |  5.2
Necromancy     | 1 2 3 4 5 6 |  6.2
Fighting       | 3 4 5 6 |  6.3
Spellcasting   | 3 4 5 |  5.8
Conjurations   | 4 5 6 |  6.6

Action                     |  1- 3 |  4- 6 |  7- 9 | 10-12 || total
---------------------------+-------+-------+-------+-------++-------
  Melee: Hand axe          |   117 |   137 |   280 |    32 ||   566
         Kick              |    15 |    38 |    19 |       ||    72
         Punch             |     1 |       |     2 |       ||     3
         Headbutt          |       |       |    22 |     3 ||    25
  Throw: Dart              |       |       |    16 |     4 ||    20
         Javelin           |       |       |     4 |     4 ||     8
         Boomerang         |       |       |       |     8 ||     8
   Cast: Kiss of Death     |       |     2 |       |       ||     2
         Momentum Strike   |       |       |       |     3 ||     3
         Wereblood         |       |       |       |     1 ||     1
 Invoke: Recall Ancestor   |       |       |     1 |       ||     1
         Ancestor Identity |       |       |     1 |       ||     1
         Ancestor Life: Ba |       |       |     1 |       ||     1
  Evoke: Wand              |       |       |     1 |       ||     1
    Use: Scroll            |     5 |     4 |     4 |     4 ||    17
         Potion            |       |     2 |     6 |     1 ||     9
   Stab: Distracted        |       |       |     2 |       ||     2
 Armour: Leather armour    |    52 |    56 |    93 |    23 ||   224
  Dodge: Dodged            |    74 |    48 |   129 |    28 ||   279
  Block: Other             |     7 |    27 |   132 |       ||   166
         Reflection        |       |       |     3 |     8 ||    11
         Buckler           |       |       |       |    47 ||    47
